 Dungeon Crawl Stone Soup version 0.25.1-2-g60ff931df9 (webtiles) character file.

Game seed: 16077335982251731792

485 gbos the Chopper (level 7, -2/36 HPs)
             Began as a Vine Stalker Berserker on Nov 16, 2020.
             Was a Believer of Trog.
             Killed by nerve-wracking pain
             ... invoked by an orc priest
              (6 damage)
             ... on level 3 of the Dungeon.
             The game lasted 00:00:29 (3234 turns).

gbos the Chopper (Vine Stalker Berserker)           Turns: 3234, Time: 00:00:30

Health: -2/36      AC:  3    Str: 22    XL:     7   Next: 13%
Magic:  0/8        EV: 12    Int:  7    God:    Trog [**....]
Gold:   98         SH:  0    Dex: 13    Spells: 6/6 levels left

rFire    . . .     SeeInvis .   Y - +2 hand axe
rCold    . . .     Gourm    .   (no shield)
rNeg     . . .     Faith    .   d - +0 leather armour
rPois    .         Spirit   +   (no helmet)
rElec    .         Reflect  .   (no cloak)
rCorr    .         Harm     .   (no gloves)
MR       .....                  (no boots)
Stlth    +.........             (no amulet)
HPRegen  0.52/turn              (no ring)
MPRegen  0.11/turn              (no ring)

@: berserk cooldown
A: fangs 2, regeneration 1, magic shield, antimagic bite, no potion heal 3, rot
immunity
a: Berserk, Trog's Hand, Renounce Religion


You were on level 3 of the Dungeon.
You worshipped Trog.
Trog was pleased with you.
You were not hungry.

You visited 1 branch of the dungeon, and saw 3 of its levels.

You collected 98 gold pieces.


Innate Abilities, Weirdness & Mutations

You have extremely sharp teeth.
Your natural rate of healing is unusually fast.
When hurt, damage is shared between your health and your magic reserves.
Your bite disrupts and absorbs the magic of your enemies.
Potions cannot restore your health.
You are immune to rotting.


   Skills:
 - Level 3.0 Fighting
 - Level 7.0 Axes
 - Level 1.5 Armour
 + Level 1.9 Dodging


You had 6 spell levels left.
You didn't know any spells.
Your spell library was empty.

Inventory:

Hand Weapons
 l - a +0 flail
 Y - a +2 hand axe (weapon)
Armour
 d - a +0 leather armour (worn)
 j - a +0 scale mail
 m - a +0 helmet
Scrolls
 k - 2 scrolls of identify {unknown}
 o - a scroll of fear {unknown}
 p - a scroll of teleportation {unknown}
Potions
 b - 2 potions of lignification {unknown}
 c - a potion of ambrosia {unknown}
 f - a potion of magic {unknown}
 g - a potion of cancellation {unknown}
 h - 2 potions of curing {unknown}
 i - a potion of might
 n - a potion of degeneration {unknown}
Comestibles
 e - 7 rations

Dungeon Overview and Level Annotations

Branches:
Dungeon (3/15)

Altars:
Cheibriados
Nemelex Xobeh
Qazlal


Message History

You closely miss the orc priest.
You bite the orc priest, but do no damage.
The orc priest is heavily wounded.
You miss something. Something hits you. Something hits you but does no damage.
The orc priest closely misses you.
You barely miss the orc priest. Your bite misses the orc priest.
The orc priest is heavily wounded.
You miss something. Something hits you.
You closely miss the orc priest. You bite the orc priest! You drain its power.
You feel invigorated.
The orc priest is almost dead.
You hit something.
You hear some strange, mumbled words.
A magic dart appears from out of thin air!
The magic dart hits you!
The orc priest mumbles some strange prayers to Beogh against you.
Pain shoots through your body!
You die...

#..# #..# #..# #..#
####### #..# #.....#
##.# #.....### #.##
#........#######{o##
..... #.#.....)@..###
... #...###.###...#
#.# ###.# #%# #.#.#
#<# ##.###'###.#.#
#.## #..###_'...#.#
#..####..###'###.#.#
#.#......# #.# #...#
##..####.###.###...##
#..# #............##


You could see an orc priest.

Vanquished Creatures
  Sigmund (D:3)
  3 orc wizards
  An orc priest (D:2)
  Natasha (twice) (D:3)
  Robin (D:3)
  4 gnolls (D:3)
  2 adders (D:2)
  An adder skeleton (D:3)
  A dart slug (D:1)
  2 leopard geckos (D:1)
  4 orcs
  A giant cockroach (D:3)
  17 goblins
  10 hobgoblins
  9 jackals (D:3)
  6 bats
  A frilled lizard (D:2)
  8 kobolds
  4 rats
78 creatures vanquished.

Notes
Turn   | Place    | Note
-------+----------+-------------------------------------------
     0 | D:1      | gbos the Vine Stalker Berserker began the quest for the
                  | Orb.
     0 | D:1      | Reached XP level 1. HP: 11/11 MP: 2/2
     0 | D:1      | 0 ||| counter = 141
    48 | D:1      | Reached skill level 3 in Axes
   128 | D:1      | Reached XP level 2. HP: 10/16 MP: 1/3
   290 | D:1      | Found a sparkling altar of Nemelex Xobeh.
  1149 | D:1      | 1149 ||| UPGRADING to leather armour.
  1159 | D:1      | 1159 ||| DROPPING +0 animal skin.
  1160 | D:1      | 1160 ||| READING scroll labeled TEOPSOFEWIM.
  1199 | D:2      | 1199 ||| STAIRDANCE
  1203 | D:2      | 1203 ||| STAIRDANCE
  1207 | D:2      | 1207 ||| STAIRDANCE
  1224 | D:2      | 1224 ||| STAIRDANCE
  1228 | D:2      | 1228 ||| STAIRDANCE
  1242 | D:2      | 1242 ||| STAIRDANCE
  1257 | D:2      | 1257 ||| STAIRDANCE
  1263 | D:1      | 1263 ||| EATING 4 rations.
  1356 | D:2      | 1356 ||| DROPPING +0 club.
  1403 | D:2      | Reached XP level 3. HP: 19/19 MP: 4/4
  1565 | D:2      | Reached skill level 4 in Axes
  1873 | D:2      | Found a sparkling altar of Nemelex Xobeh.
  1873 | D:2      | Found a stormy altar of Qazlal.
  1898 | D:2      | 1898 ||| INVOKING Berserk.
  1900 | D:2      | Gained mutation: Your natural rate of healing is unusually
                  | fast. [Vine Stalker growth]
  1900 | D:2      | Reached XP level 4. HP: 23/23 MP: 5/5
  1907 | D:2      | Reached skill level 5 in Axes
  1907 | D:2      | Reached XP level 5. HP: 27/27 MP: 6/6
  2304 | D:2      | 2304 ||| READING scroll labeled KIBEM LIGOVO.
  2305 | D:2      | 2305 ||| READING scroll labeled HANILL VUNI.
  2327 | D:3      | 2327 ||| READING scroll of enchant weapon.
  2327 | D:3      | 2327 ||| ENCHANTING +1 hand axe.
  2333 | D:3      | Found a snail-covered altar of Cheibriados.
  2509 | D:3      | Noticed Natasha
  2517 | D:3      | Killed Natasha
  2518 | D:3      | Reached ** piety under Trog
  2731 | D:3      | 2731 ||| INVOKING Berserk.
  2767 | D:3      | 2767 ||| DROPPING mace.
  2786 | D:3      | Noticed Sigmund
  2790 | D:3      | 2790 ||| INVOKING Berserk.
  2791 | D:3      | Reached XP level 6. HP: 32/32 MP: 5/7
  2797 | D:3      | Killed Sigmund
  2797 | D:3      | Reached skill level 6 in Axes
  2862 | D:3      | Noticed Robin
  2873 | D:3      | Killed Robin
  2873 | D:3      | Reached skill level 3 in Fighting
  3162 | D:3      | Noticed Natasha
  3197 | D:3      | 3197 ||| INVOKING Berserk.
  3199 | D:3      | Reached skill level 7 in Axes
  3199 | D:3      | Reached XP level 7. HP: 36/36 MP: 8/8
  3206 | D:3      | Killed Natasha
  3233 | D:3      | HP: 7/36 [something (3)]
  3234 | D:3      | Killed from afar by an orc priest

Levels and vault maps discovered:
D:1:      tarquinn_simple_flora_water_b, layout_basic, supply_closet_lemuel,
          nemelex_altar_shiori
D:2:      layout_loops_corners, gammafunk_temple_overflow_elements,
          minmay_tree_intersection
D:3:      kennysheep_goblin_castle, layout_loops_ring, lemuel_doored_altar,
          first_ration, uniq_sigmund, uniq_natasha

Skill      XL: |  1  2  3  4  5  6 |
---------------+-------------------+-----
Axes           | 3 4 5 7 |  7.0
Fighting       | 3 |  3.0
Armour         | |  1.5
Dodging        | |  1.9

Action                   |  1- 3 |  4- 6 |  7- 9 || total
-------------------------+-------+-------+-------++-------
Melee: Hand axe          |    50 |   108 |    15 ||   173
       Bite              |    13 |    38 |     6 ||    57
Invok: Berserk           |     1 |     3 |       ||     4
  Use: Scroll            |     1 |     3 |       ||     4
 Stab: Sleeping          |     1 |       |       ||     1
  Eat: Ration            |     1 |       |       ||     1
       Chunk             |       |     7 |     1 ||     8
Armor: Animal skin       |     7 |       |       ||     7
       Leather armour    |    11 |    16 |     4 ||    31
Dodge: Dodged            |    37 |    58 |     3 ||    98
